 Dungeon Crawl Stone Soup version 0.28.0-53-g5a82cb258f (webtiles) character file.

Game seed: 9727418129440795063

7632 Zeld the Destroyer (level 10, -8/88 HPs)
             Began as a Red Draconian Conjurer on June 6, 2022.
             Was an Initiate of Gozag.
             Mangled by a manticore (20 damage)
             ... on level 11 of the Dungeon.
             The game lasted 00:15:00 (16219 turns).

Zeld the Destroyer (Red Draconian Conjurer)        Turns: 16219, Time: 00:15:01

Health: -8/88      AC:  4    Str:  9    XL:     10   Next: 98%
Magic:  15/23      EV: 12    Int: 23    God:    Gozag
Gold:   664        SH:  0    Dex: 10    Spells: 16/27 levels left

rFire   + + .      SeeInvis .   (no weapon)
rCold   x . .      Faith    +   (no shield)
rNeg    . . .      Spirit   .   (armour unavailable)
rPois   .          Reflect  .   (helmet restricted)
rElec   .          Harm     .   (no cloak)
rCorr   .          Rampage  .   (no gloves)
Will    .....                   g - +0 pair of boots
Stlth   ++........              m - amulet "Duomnol" {Faith +Blink}
HPRegen 0.24/turn               h - ring of fire
MPRegen 0.18/turn               u - ring of wizardry

@: marked, spiked, corroded
A: breathe fire, AC +7, unfitting armour, fire resistance 1, cold-blooded
a: Breathe Fire, Renounce Religion, Evoke Blink, Potion Petition, Call Merchant,
Bribe Branch


You were on level 11 of the Dungeon.
You worshipped Gozag.
Gozag was pleased with you.
You visited 2 branches of the dungeon, and saw 12 of its levels.

You collected 1268 gold pieces.
You spent 519 gold pieces at shops.
You paid 85 gold pieces to Gozag.

Inventory:

Armour
 g - a +0 pair of boots (worn)
Jewellery
 h - a ring of fire (left hand)
 m - the amulet "Duomnol" (around neck) {Faith +Blink}
   (You bought it in a shop on level 4 of the Dungeon)

   [amulet of faith]

   It allows you to gain divine favour quickly.
   +Blink:    It lets you blink.
 u - a ring of wizardry (right hand)
 z - a ring of flight
Wands
 c - a wand of polymorph (4)
 t - a wand of iceblast (6)
 x - a wand of flame (9)
Scrolls
 a - 2 scrolls of brand weapon
 d - 2 scrolls of identify
 e - 2 scrolls of enchant weapon
 f - 2 scrolls of amnesia
 j - a scroll of holy word
 n - 3 scrolls of teleportation
 r - 3 scrolls of magic mapping
 v - a scroll of fear
 y - a scroll of immolation {unknown}
Potions
 b - 3 potions of might
 k - 2 potions of mutation {unknown}
 l - a potion of haste {unknown}
 o - a potion of cancellation {unknown}
 p - 2 potions of brilliance {unknown}
 q - 3 potions of resistance {unknown}
 s - 3 potions of curing
 w - a potion of degeneration {unknown}
 A - a potion of berserk rage {unknown}


   Skills:
 + Level 7.9 Fighting
 + Level 3.4 Dodging
 + Level 3.7 Stealth
 * Level 9.3 Spellcasting
 - Level 10.0 Conjurations
 - Level 2.0 Hexes
 - Level 2.0 Translocations
 * Level 4.4 Evocations


You had 16 spell levels left.
You knew the following spells:

 Your Spells              Type           Power      Damage    Failure   Level
a - Magic Dart            Conj           100%       1d8       1%          1
b - Searing Ray           Conj           100%       2d8       1%          2
c - Fulminant Prism       Conj/Hex       19%        3d11      1%          4
d - Iskenderun's Mystic   Conj/Tloc      38%        2d9       1%          4

Your spell library contained the following spells:

 Spells                   Type           Power      Damage    Failure   Level
 Dazzling Flash           Conj/Hex       76%        N/A       1%          3
 Gell's Gravitas          Tloc           19%        N/A       3%          3
 Lesser Beckoning         Tloc           19%        N/A       3%          3
 Teleport Other           Tloc           19%        N/A       3%          3
 Leda's Liquefaction      Hex/Erth       7%         N/A       16%         4
 Lee's Rapid Deconstruct  Erth           5%         3d7*      52%         5
 Statue Form              Tmut/Erth      6%         N/A       97%         6


Dungeon Overview and Level Annotations

Branches:
Dungeon (11/15)            Temple (1/1) D:7            Lair (0/6) D:8
    Orc: D:9-12

Altars:
Ashenzari
Cheibriados
Dithmenos
Elyvilon
Fedhas
Gozag
Hepliaklqana
Kikubaaqudgha
Makhleb
Nemelex Xobeh
Okawaru
Qazlal
Ru
Sif Muna
Trog
Uskayaw
Vehumet
Wu Jian
Xom
Yredelemnul
Zin
The Shining One

Shops:
D:4 *=[=   D:8 :(

Annotations:
D:5 1 runed translucent door, MechaKamiliLaw's ghost, novice HOCA


Innate Abilities, Weirdness & Mutations

You can breathe blasts of fire.
Your fiery red scales are hard. (AC +7)
You cannot fit into any form of body armour.
Your flesh is heat resistant. (rF+)
You are cold-blooded and may be slowed by cold attacks.


Message History

You hear a roar!
You hear a shout!
You hear a bellow! x4
Found a glowing flail.
An acid dragon comes into view.
An acid dragon is nearby!
An acid dragon is nearby!
The acid dragon spits acid at you. The splash of acid hits you!
The acid dragon spits acid at you. The splash of acid hits you!!
The acid corrodes you!
A manticore comes into view.
The manticore flicks its tail.
The volley of spikes hits you!
The barbed spikes become lodged in your body.
A troll comes into view.
The barbs in your skin will harm you if you move.
Continue? [Y]es or [N]o only, please.
The barbs in your skin will harm you if you move.
Continue?
Okay, then.
Blink to where?
Press: ? - help, Dir - move target A gargoyle comes into view.
It is wielding a +0 flail.
As you read the scroll of blinking, it crumbles to dust.
The manticore barely misses you. The manticore claws you!
The manticore misses you.
Unknown command.
Casting: Iskenderun's Mystic Blast (dangerous; 1% risk of failure)
Confirm with . or Enter, or press ? or * to list all spells.
You erupt in a blast of force!
The mystic blast hits the manticore but does no damage.
The manticore bites you!!
* * * LOW HITPOINT WARNING * * *
The manticore completely misses you. The manticore misses you.
Unknown command.
Casting: Iskenderun's Mystic Blast (dangerous; 1% risk of failure)
Confirm with . or Enter, or press ? or * to list all spells.
You erupt in a blast of force!
The mystic blast hits the manticore!
The manticore is moderately wounded.
The manticore bites you!!
You die...
Your body crumbles into a pile of gold.

#.#.# #...##.# ###.#.#
#...##.# #D....#
#.#.##.# ....#.###
#......# #.###.D.#
##...### #. #.#.## #...#
$ # #.#..# #...#
##.##.#######...######
#..#.§.#.....@H......###
#.#§#.#§#..)............
#.§§§_§§.....9..)....##
###§#§#T###.#...#.####
##§§§## #.#...#.# ##§##
#.#...#.# #..# #.#...#.#
#.## #.#.....# #.#
#.......#


You could see a manticore, a troll and a gargoyle.

Vanquished Creatures
  A two-headed ogre (D:10)
  A yaktaur (D:10)
  A hornet (D:10)
  A wraith (D:10)
  Sigmund (D:4)
  2 wyverns
  A vampire (D:9)
  A steam dragon (D:8)
  3 vampire mosquitoes (D:11)
  An acid dragon (D:9)
  4 water moccasins
  3 sky beasts
  2 orc warriors
  2 ice beasts
  4 black bears
  4 ogres
  2 necrophages
  7 centaurs
  5 phantoms
  2 bullfrogs
  A gnoll sergeant (D:9)
  2 scorpions
  2 jellies
  11 wights
  12 killer bees (D:9)
  A howler monkey (D:6)
  3 centaur zombies
  A gnoll shaman (D:6)
  3 hounds
  5 orc priests
  A bullfrog skeleton (D:5)
  3 centaur skeletons
  4 iguanas
  6 orc wizards
  A killer bee zombie (D:9)
  2 hound skeletons
  3 howler monkey skeletons
  7 gnolls
  4 adders
  A white imp (D:7)
  3 ufetubi
  An adder skeleton (D:4)
  A worm (D:3)
  4 dart slugs
  19 orcs
  An endoplasm (D:2)
  A giant cockroach (D:1)
  7 goblins
  6 hobgoblins (D:1)
  A jackal (D:4)
  4 kobolds
  4 quokkas
  3 training dummies (D:8)
  9 ball pythons
  6 bats
  3 frilled lizards
  6 rats
  A spectral kobold (D:1)
201 creatures vanquished.

Vanquished Creatures (others)
  4 fulminant prisms
4 creatures vanquished.

Grand Total: 205 creatures vanquished

Notes
Turn   | Place    | Note
-------+----------+-------------------------------------------
     0 | D:1      | Zeld the Draconian Conjurer began the quest for the Orb.
     0 | D:1      | Reached XP level 1. HP: 14/14 MP: 3/3
   356 | D:1      | Found a faded altar of an unknown god.
   384 | D:1      | Reached XP level 2. HP: 20/20 MP: 0/5
   387 | D:1      | Learned a level 2 spell: Searing Ray
   518 | D:1      | Reached skill level 1 in Translocations
   575 | D:1      | Reached skill level 1 in Hexes
  1266 | D:2      | Reached XP level 3. HP: 27/27 MP: 4/6
  2131 | D:3      | Found a stormy altar of Qazlal.
  2341 | D:3      | Reached skill level 1 in Fighting
  2513 | D:3      | Reached XP level 4. HP: 33/35 MP: 0/7
  2581 | D:3      | Found Givicaob's Antique Weapon Shop.
  2615 | D:3      | Learned a level 4 spell: Iskenderun's Mystic Blast
  2626 | D:3      | Found a shadowy altar of Dithmenos.
  3670 | D:3      | Reached XP level 5. HP: 40/41 MP: 3/8
  3732 | D:3      | HP: 1/41 [poisoned by a kobold]
  4160 | D:4      | Noticed an ogre
  4179 | D:4      | Killed an ogre
  4317 | D:4      | Found Jymurch's Assorted Antiques.
  4341 | D:4      | Bought a ruby potion for 21 gold pieces
  4341 | D:4      | Bought a sparkling ruby amulet for 120 gold pieces
  4341 | D:4      | Identified the amulet "Duomnol" {Faith +Blink} (You bought
                  | it in a shop on level 4 of the Dungeon)
  4366 | D:4      | Reached skill level 5 in Conjurations
  4366 | D:4      | Reached XP level 6. HP: 49/50 MP: 5/10
  4373 | D:4      | Learned a level 4 spell: Fulminant Prism
  4592 | D:4      | Found Cuifiriz's Jewellery Boutique.
  4743 | D:4      | Found Efalomn's Jewellery Shop.
  4801 | D:4      | Your scales start taking on a fiery red colour.
  4801 | D:4      | Reached XP level 7. HP: 32/57 MP: 1/13
  4801 | D:4      | Gained mutation: Your flesh is heat resistant. (rF+) [Red
                  | Draconian growth]
  5003 | D:4      | Reached skill level 6 in Conjurations
  5152 | D:4      | Noticed Sigmund
  5208 | D:4      | Killed Sigmund
  5209 | D:4      | Reached skill level 5 in Spellcasting
  5315 | D:4      | Found Boabar's Antique Armour Shoppe.
  5328 | D:4      | Reached XP level 8. HP: 55/67 MP: 3/15
  6019 | D:5      | Entered Level 5 of the Dungeon
  6063 | D:5      | Reached skill level 7 in Conjurations
  6362 | D:5      | Reached skill level 5 in Fighting
  6364 | D:5      | Found a blossoming altar of Fedhas.
  6813 | D:5      | Found a runed translucent door.
  6818 | D:5      | Noticed MechaKamiliLaw's ghost (novice HOCA)
  7303 | D:5      | Reached skill level 8 in Conjurations
  7651 | D:4      | Bought a scroll labelled MEATAN JUTUSU for 24 gold pieces
  7651 | D:4      | Bought a scroll labelled INOGEPAUMEW for 24 gold pieces
  8068 | D:6      | Reached XP level 9. HP: 74/74 MP: 13/18
  8590 | D:6      | Found a shimmering blue altar of Sif Muna.
  9186 | D:6      | Found an opulent altar of Gozag.
  9408 | D:6      | Became a worshipper of Gozag Ym Sagoz the Greedy
  9706 | D:7      | Found an iron altar of Okawaru.
  9795 | D:7      | Found an ancient bone altar of Kikubaaqudgha.
  9814 | D:7      | Found a staircase to the Ecumenical Temple.
  9839 | Temple   | Entered the Ecumenical Temple
 10277 | D:7      | Found a bloodstained altar of Trog.
 10341 | D:7      | Reached skill level 9 in Conjurations
 10927 | D:7      | Found a snail-covered altar of Cheibriados.
 11266 | D:8      | Found Iriregaoq's Firing Range.
 11544 | D:8      | Found Behek's Book Emporium.
 11688 | D:8      | Reached XP level 10. HP: 60/84 MP: 3/22
 12017 | D:8      | Found a sparkling altar of Nemelex Xobeh.
 12223 | D:8      | Noticed a death yak
 12305 | D:4      | Bought a ring of wizardry for 330 gold pieces
 12645 | D:8      | Found a staircase to the Lair.
 12645 | D:8      | Noticed a death yak
 12645 | D:8      | Noticed a death yak
 12755 | D:9      | Found a glowing golden altar of the Shining One.
 12785 | D:9      | Reached skill level 1 in Evocations
 13005 | D:9      | Reached skill level 10 in Conjurations
 13012 | D:10     | Entered Level 10 of the Dungeon
 13517 | D:9      | Found a burning altar of Makhleb.
 13517 | D:9      | Noticed a blizzard demon
 14935 | D:10     | Noticed a two-headed ogre
 14943 | D:10     | Killed a two-headed ogre
 15279 | D:10     | Found a broken altar of Ashenzari.
 15966 | D:11     | Found a shadowy altar of Dithmenos.
 16215 | D:11     | Noticed a manticore
 16217 | D:11     | Noticed a gargoyle
 16219 | D:11     | Mangled by a manticore

Illustrated notes

Levels and vault maps discovered:
D:1:      minmay_arrival_radiant_lines, layout_basic,
          dreamdust_ecumenical_altar_drowned_temple
D:2:      layout_basic
D:3:      layout_basic, lemuel_crystal_altar, mainiacjoe_overflow_brackets,
          serial_shops, nicolae_shop_waterfront
D:4:      minmay_clustersquares, layout_rooms, serial_shops, shop_statue,
          nicolae_shop_hallway_stairs, kennysheep_mini, shop, uniq_sigmund
D:5:      layout_basic, mainiacjoe_overflow_cross_hatched,
          ebering_ghost_reflecting_pool
D:6:      layout_cave_pods, led_sif_book, kennysheep_mini_moat
D:7:      layout_rooms, lemuel_crystal_altar, okawaru_metal_pillars_1_2,
          old_standard_altar, mainiacjoe_overflow_tiny_flanked,
          minmay_temple_entry_slanted, minmay_fractal_squares_5
D:8:      layout_basic, nemelex_diamond_rough_becter, dpeg_lair_monsters,
          serial_shops, nicolae_shop_crystal, nicolae_shop_firing_range
D:9:      layout_irregular_city, makhleb_altar_promises_db,
          mainiacjoe_overflow_concentric_impassable
D:10:     layout_basic, mainiacjoe_overflow_24_doors, minivault_26,
          nicolae_figureground_pulse
D:11:     layout_loops_cross, orc_0_dummy, grunt_dithmenos_smoke_and_mirrors,
          uniq_nergalle
Temple:   nicolae_temple_figure_zero

Skill      XL: |  1  2  3  4  5  6  7  8  9 10 |
---------------+-------------------------------+-----
Translocations | 1 2 |  2.0
Hexes          | 1 2 |  2.0
Fighting       | 1 2 3 4 5 6 7 |  7.9
Spellcasting   | 3 4 5 6 8 9 |  9.3
Conjurations   | 5 6 8 9 10 | 10.0
Stealth        | 3 |  3.7
Evocations     | 4 |  4.4
Dodging        | 3 |  3.4

Action                   |  1- 3 |  4- 6 |  7- 9 | 10-12 || total
-------------------------+-------+-------+-------+-------++-------
Melee: Unarmed           |    37 |    15 |    66 |    35 ||   153
       Tailslap          |     4 |     1 |     7 |     9 ||    21
       Punch             |       |       |       |     1 ||     1
 Cast: Magic Dart        |    71 |    21 |     3 |     2 ||    97
       Searing Ray       |     3 |    25 |    39 |     7 ||    74
       Iskenderun's Myst |       |     1 |    79 |    74 ||   154
       Fulminant Prism   |       |       |     1 |     3 ||     4
 Abil: Breathe Fire      |       |       |     8 |     9 ||    17
Evoke: Wand              |       |       |       |     4 ||     4
  Use: Potion            |       |     2 |       |       ||     2
       Scroll            |       |       |       |    10 ||    10
 Stab: Distracted        |       |       |       |     1 ||     1
Armor: Skin              |    24 |    36 |    66 |    33 ||   159
Dodge: Dodged            |    41 |    89 |   114 |    57 ||   301
